AoeStats
← Obuk

Arena

509445893Analyzed
3v3 RM · 5d ago on Sep 26, 2026· 28m 59s· 6 players
Game mode
Random Map
Map size
Normal (6 player)
Population
200
Speed
Normal
Resources
Standard
Victory
Conquest
Starting age
Dark Age
Ending age
Imperial Age
RankedLock teamsTeams togetherTeam positionsShared explorationLock speedFull tech treeHidden civsTurbo modeCheats
Victory
Defeat
🇦🇹 Tatars · Austria
1665
+9
🇩🇪 Bulgarians · Germany
1621
+10
🇩🇪 Mongols · Germany
1614
+11
🇺🇸 Malay · United States
1520
-11
🇸🇪 Sicilians · Sweden
1492
-10
🇦🇹 Goths · Austria
1475
-9
[PeP] f_s0ciety
2:35 Loom
9:49 Feudal Age
15:27 Castle Age
13:55 Double-Bit Axe
17:02 Fletching
19:13 Loom
23:11 Scale Mail Armor
27:35 Wheelbarrow
28:34 Chain Mail Armor
28:29 Forging
29:08 Bodkin Arrow
Eagle
11:44 Feudal Age
12:06 Double-Bit Axe
14:48 Castle Age
13:03 Gold Mining
12:59 Double-Bit Axe
13:52 Horse Collar
14:15 Town Watch
16:08 Bow Saw
19:25 Stone Mining
20:43 Fletching
22:28 Loom
DinoNuggetConnoisseur
10:02 Feudal Age
14:23 Castle Age
12:16 Double-Bit Axe
12:12 Horse Collar
12:57 Gold Mining
15:50 Bow Saw
17:34 Heavy Plow
20:03 Wheelbarrow
21:39 Stone Mining
22:11 Hand Cart
22:29 Loom
27:38 Imperial Age
25:21 Scale Barding Armor
25:44 Bloodlines
26:11 Husbandry
26:43 Forging
28:06 Chain Barding Armor
28:48 Conscription
28:44 Cavalier
MacesB
10:13 Feudal Age
11:01 Double-Bit Axe
13:45 Castle Age
12:08 Horse Collar
15:15 Bow Saw
15:41 Heavy Plow
20:13 Wheelbarrow
20:37 Gold Mining
21:41 Hand Cart
22:18 Town Watch
22:18 Loom
26:07 Imperial Age
24:19 Fletching
24:30 Padded Archer Armor
24:51 Ballistics
25:02 Bodkin Arrow
26:33 Leather Archer Armor
26:11 Capped Ram
26:59 Bracer
28:12 Chemistry
28:41 Heavy Cavalry Archer
Obuk
9:11 Feudal Age
12:51 Castle Age
10:37 Double-Bit Axe
10:51 Horse Collar
15:08 Heavy Plow
15:41 Bow Saw
20:10 Loom
21:07 Wheelbarrow
20:52 Scale Barding Armor
21:13 Forging
20:54 Gold Mining
22:52 Chain Barding Armor
24:57 Iron Casting
24:38 Bloodlines
number5
10:48 Feudal Age
11:12 Loom
14:53 Castle Age
13:24 Double-Bit Axe
13:22 Horse Collar
15:48 Bow Saw
18:03 Fletching
22:16 Scale Barding Armor
23:35 Bodkin Arrow
29:05 Forging
Connection lost

Rejoining the realm…

Still unreachable

The connection could not be restored.

Session expired

The server has moved on; the page needs a fresh start.